 Dungeon Crawl Stone Soup version 0.30-a0-422-g946f4849ff (webtiles) character file.

Game seed: 12580233066862811480

8551 scionoferis the Basher (level 11, -3/85 (99) HPs)
             Began as an Armataur Fighter on Dec 8, 2022.
             Was an Elder of Zin.
             Hit by a javelin thrown by a centaur (11 damage)
             ... in a bailey on Dec 9, 2022.
             The game lasted 00:37:23 (12301 turns).

scionoferis the Basher (Armataur Fighter)          Turns: 12301, Time: 00:37:23

HP:   -3/85 (99)    AC: 10    Str: 23    XL:     11   Next: 11%
MP:   16/16         EV:  7    Int:  9    God:    Zin [****..]
Gold: 500           SH: 10    Dex: 12    Spells: 10/10 levels left

rFire   . . .      SeeInvis .    a - +2 whip (venom)
rCold   . . .      Faith    .    K - +0 kite shield
rNeg    . . .      Spirit   .    H - +0 plate armour
rPois   .          Reflect  .    k - +0 helmet
rElec   .          Harm     .    n - scarf {shadows}
rCorr   .          Roll     +    (no gloves)
Will    .....                    (no barding)
Stlth   ..........               (no amulet)
HPRegen 0.34/turn                d - +4 ring of evasion
MPRegen 0.15/turn                (no ring)

@: studying 2 skills, heavily drained, invisible
A: large, rugged brown scales 3, deformed body, armoured tail, roll, long
tongue, awkward tongue
a: Renounce Religion, Recite, Vitalisation, Imprison, Donate Gold


You were in a bailey.
You worshipped Zin.
Zin was greatly pleased with you.
You visited 1 branch of the dungeon, and saw 10 of its levels.
You also visited: Sewer and Bailey.

You collected 555 gold pieces.
You donated 55 gold pieces to Zin.


Innate Abilities, Weirdness & Mutations

You are completely covered in rugged brown scales. (AC +3, +7% HP)
Armour fits poorly on your strangely shaped body.
You have a long armoured tail.
You roll when moving toward enemies. (Rampage)
Your long tongue fully drains potion bottles. (2x potion effects)
Your tongue gives you trouble enunciating. (1.5x scroll delay)


   Skills:
 + Level 7.6 Fighting
 + Level 10.2 Maces & Flails
 - Level 3.6 Armour
 - Level 9.0 Shields
 * Level 7.8 Invocations
 + Level 1.1 Evocations


You had 10 spell levels left.
You didn't know any spells.
Your spell library contained the following spells:

 Spells                   Type           Power      Damage    Failure   Level
 Apportation              Tloc           0%         N/A       100%        1
 Magic Dart               Conj           0%         1d3       100%        1
 Necrotise                Necr           0%         1d4       100%        1
 Summon Small Mammal      Summ           0%         N/A       100%        1
 Cigotuvi's Dreadful Rot  Necr/Pois/Air  0%         N/A       100%        2
 Poisonous Vapours        Pois/Air       0%         N/A       100%        2
 Searing Ray              Conj           0%         2d4       100%        2
 Dazzling Flash           Conj/Hex       0%         N/A       100%        3
 Mephitic Cloud           Conj/Pois/Air  0%         N/A       100%        3
 Fulminant Prism          Conj/Hex       0%         3d5       100%        4
 Iskenderun's Mystic Bla  Conj/Tloc      0%         2d3       100%        4
 Olgreb's Toxic Radiance  Pois           0%         N/A       100%        4
 Summon Forest            Summ/Tloc      0%         N/A       100%        5
 Eringya's Noxious Bog    Tmut/Pois      0%         N/A       100%        6
 Starburst                Conj/Fire      0%         6d3       100%        6
 Ozocubu's Refrigeration  Ice            0%         4d7       100%        7
 Summon Hydra             Summ           0%         N/A       100%        7
 Ignition                 Fire           0%         3d3       100%        8
 Chain Lightning          Conj/Air       0%         N/A       100%        9
 Fire Storm               Conj/Fire      0%         5d1       100%        9
 Shatter                  Erth           0%         3d5*      100%        9

Inventory:

Hand Weapons
 a - a +2 whip of venom (weapon)
   (You took it off a gnoll on level 6 of the Dungeon)
 b - a +4 flail
   (You took it off a wight on level 7 of the Dungeon)
 M - a +2 morningstar
   (You took it off a wight on level 8 of the Dungeon)
Missiles
 r - 15 poisoned darts (quivered)
 u - a curare-tipped dart
 A - 4 boomerangs
 J - 3 throwing nets
Armour
 k - a +0 helmet (worn)
   (You took it off Robin on level 2 of the Dungeon)
 n - a scarf of shadows (worn)
   (You found it on level 2 of the Dungeon)
 x - a +2 leather armour of cold resistance
   (You took it off an orc on level 4 of the Dungeon)
 H - a +0 plate armour (worn)
   (You found it on level 6 of the Dungeon)
 K - a +0 kite shield (worn)
   (You found it on level 5 of the Dungeon)
Jewellery
 d - a +4 ring of evasion (left hand)
   (You found it on level 2 of the Dungeon)
 l - a ring of fire
   (You found it on level 2 of the Dungeon)
Wands
 c - a wand of mindburst (4)
   (You found it on level 8 of the Dungeon)
 I - a wand of roots (18)
   (You found it on level 6 of the Dungeon)
Scrolls
 p - a scroll of amnesia
 s - 6 scrolls of enchant armour
 t - a scroll of vulnerability {unknown}
 v - 5 scrolls of teleportation
 y - 2 scrolls of torment {unknown}
 B - 2 scrolls of fog {unknown}
 F - 2 scrolls of fear {unknown}
Potions
 e - 2 potions of attraction
 o - 3 potions of haste
 z - a potion of magic

Dungeon Overview and Level Annotations

Branches:
Dungeon (10/15)            Temple (0/1) D:7            Lair (0/5) D:9
  Sewer (visited)          Bailey (1/1)
    Orc: D:9-12

Altars:
Cheibriados
Uskayaw
Wu Jian
Zin

######### #≈≈≈≈≈≈≈##
#≈≈≈≈≈≈≈≈##
#.≈≈≈≈≈≈≈≈##
.#≈..≈≈≈≈≈≈≈#
..≈≈≈..≈≈≈≈≈#
≈≈.........≈≈≈.≈≈≈≈#
.....≈≈≈....o≈@≈≈≈≈#
.⌠..≈≈≈≈≈..⌠.≈≈c≈≈≈#
....≈≈≈≈≈.....≈.≈≈≈#
..o≈≈~~~≈≈....≈≈.≈≈#
..o≈~≈~≈~≈.....≈.≈≈#
...≈~≈.≈~≈o....≈.≈≈#
..o≈~≈.≈~≈o....≈.≈≈#
..o≈~≈.≈~≈o...c≈.≈≈#
...≈~≈≈≈~≈...c.≈c≈≈#


You could see 2 orc warriors, a centaur (unable to see you, extremely poisoned)
and an orc (unable to see you).


Message History

Press: ? - help, Q - select action, (/) - cycle Shift-Dir - straight line, f/p - killer bee
Aim: a killer bee (almost dead, very poisoned, 31% to hit)
You throw a poisoned dart. The poisoned dart hits the killer bee.
The killer bee looks even sicker.
The killer bee is almost dead.
You kill the killer bee!
The killer bee stings you.
Throw: 10 darts (poison)
Press: ? - help, Q - select action, (/) - cycle Shift-Dir - straight line, f - killer bee
Aim: a killer bee (almost dead, poisoned, 31% to hit)
You throw a poisoned dart.
The poisoned dart barely misses the killer bee.
The poisoned dart hits the killer bee.
The killer bee is poisoned.
The killer bee stings you but does no damage.
You block the killer bee's attack.
Throw: 9 darts (poison)
Press: ? - help, Q - select action, (/) - cycle Shift-Dir - straight line, f/p - killer bee
Aim: a killer bee (almost dead, poisoned, 31% to hit)
You throw a poisoned dart.
The poisoned dart closely misses the killer bee.
The poisoned dart hits the killer bee.
The killer bee looks even sicker.
The killer bee is lightly wounded.
You kill the killer bee!
The killer bee stings you but does no damage.
The killer bee stings you.
You are poisoned.
The killer bee poisons you!
Unknown command.
Throw: 8 darts (poison)
Press: ? - help, Q - select action, (/) - cycle Shift-Dir - straight line, f - killer bee
Aim: a killer bee (moderately wounded, very poisoned, 31% to hit)
You throw a poisoned dart.
The poisoned dart barely misses the killer bee.
The poisoned dart hits the killer bee.
The killer bee is poisoned.
The killer bee is heavily wounded.
You feel very sick. The killer bee stings you.
You are more poisoned.
The killer bee poisons you!
The killer bee stings you but does no damage.
You slurp down every last drop of the 3 potions of curing!
You feel better. You block the killer bee's attack. The killer bee stings you.
You are poisoned.
The killer bee poisons you!
Throw: 7 darts (poison)
Press: ? - help, Q - select action, (/) - cycle Shift-Dir - straight line, f/p - killer bee
Aim: a killer bee (severely wounded, very poisoned, 31% to hit)
You throw a poisoned dart.
The poisoned dart barely misses the killer bee.
The poisoned dart hits the killer bee.
The killer bee is severely wounded.
You feel sick. The killer bee barely misses you.
You block the killer bee's attack.
You hit the killer bee but do no damage.
The killer bee looks even sicker.
You tail-slap the killer bee.
You kill the killer bee!
You feel sick.
You kill the killer bee!
You closely miss the killer bee.
Your tail-slap misses the killer bee.
You feel sick.
The killer bee stings you but does no damage.
You hit the killer bee.
The killer bee is poisoned.
The killer bee is moderately wounded.
You feel sick. The killer bee stings you. You block the killer bee's attack.
You whack the killer bee!
The killer bee looks as sick as possible!
You tail-slap the killer bee.
You kill the killer bee!
No target in view!
You start resting.
You feel sick. x3
You are no longer poisoned.
You start resting.
HP restored.
r - 9 poisoned darts (gained 3)
You see here a killer bee corpse.
r - 14 poisoned darts (gained 5)
You see here a killer bee corpse.
r - 16 poisoned darts (gained 2)
F - 2 scrolls labelled IZXAEPETRA (gained 1)
A troll comes into view.
The troll shouts!
You barely miss the troll. You block the troll's attack.
The troll claws you but does no damage. The troll barely misses you.
You whack the troll!
The troll is poisoned.
The troll is moderately wounded.
The troll bites you! The troll claws you. You block the troll's attack.
You hit the troll but do no damage.
The troll is lightly wounded.
You barely miss the troll.
The troll is lightly wounded.
You block the troll's attack. x2; The troll claws you.
You hit the troll.
The troll looks as sick as possible!
The troll is moderately wounded.
The troll bites you! You block the troll's attack.
The troll claws you but does no damage.
You barely miss the troll.
The troll is moderately wounded.
You block the troll's attack. The troll claws you! The troll barely misses you.
You hit the troll but do no damage.
The troll looks as sick as possible!
The troll is heavily wounded.
You whack the troll!
The troll looks as sick as possible!
The troll is severely wounded.
You block the troll's attack. x2; The troll claws you but does no damage.
You whack the troll!
Your tail-slap misses the troll.
The troll is almost dead.
You block the troll's attack. The troll claws you.
The troll claws you but does no damage.
You closely miss the troll.
The troll is almost dead.
You hit the troll but do no damage.
The troll looks as sick as possible!
You tail-slap the troll, but do no damage.
The troll is almost dead.
You block the troll's attack. The troll claws you but does no damage.
The troll claws you.
You hit the troll.
You kill the troll!
The troll leather armour is intact enough to wear.
No target in view!
Things that are here:
a +0 troll leather armour; a troll corpse 2 orcs come into view.
Found 17 gold pieces.
The orc shouts! x2; You hear a shout!
The orc moves out of view.
An orc warrior comes into view. It is wielding a +0 dire flail.
The orc warrior moves out of view.
Things that are here:
a +0 troll leather armour; a troll corpse You hit the orc.
The orc is severely wounded.
You block the orc's attack.
You whack the orc!
You kill the orc!
You roll towards the orc warrior!
You hit the orc warrior.
The orc warrior is poisoned.
The orc warrior is lightly wounded.
You block the orc warrior's attack.
You hit the orc warrior.
The orc warrior looks as sick as possible!
The orc warrior is lightly wounded.
The orc warrior completely misses you.
You hit the orc warrior but do no damage.
The orc warrior looks as sick as possible!
You tail-slap the orc warrior, but do no damage.
The orc warrior is lightly wounded.
You hit the orc warrior but do no damage.
The orc warrior is lightly wounded.
The orc warrior hits you with a +0 dire flail.
You barely miss the orc warrior.
The orc warrior is heavily wounded.
The orc warrior barely misses you.
An orc priest comes into view. It is wielding a +0 mace.
The orc priest shouts!
You hit the orc warrior.
The orc warrior looks as sick as possible!
The orc warrior is severely wounded.
The orc warrior hits you but does no damage.
You whack the orc warrior!
You kill the orc warrior!
You roll towards the orc!
You whack the orc!
You kill the orc!
You hit the orc priest.
The orc priest is poisoned.
You tail-slap the orc priest.
The orc priest is severely wounded.
The orc priest hits you but does no damage.
You hit the orc priest but do no damage.
The orc priest looks as sick as possible!
The orc priest is severely wounded.
You hit the orc priest.
The orc priest looks as sick as possible!
The orc priest is almost dead.
The orc priest calls down the wrath of Beogh upon you.
You struggle to resist.
You closely miss the orc priest. You tail-slap the orc priest.
You kill the orc priest!
No target in view!
Magic restored.
A - 4 boomerangs (gained 1)
Items here: )) [ †.
Things that are here:
a +0 troll leather armour; a troll corpse An orc comes into view.
It is wielding a +0 war axe.
The orc shouts!
You roll towards the orc!
You hit the orc.
The orc is moderately wounded.
The orc barely misses you.
You hit the orc.
The orc is poisoned.
The orc is almost dead.
You hit the orc.
You kill the orc!
Things that are here:
a +0 war axe; an orc corpse A yak comes into view.
You hit the yak but do no damage.
The yak is poisoned.
The yak closely misses you.
You hit the yak but do no damage.
The yak looks as sick as possible!
You tail-slap the yak.
The yak is lightly wounded.
You barely miss the yak.
The yak is lightly wounded.
The yak gores you but does no damage.
You hit the yak.
The yak looks as sick as possible!
The yak is moderately wounded.
The yak gores you but does no damage.
You whack the yak!
The yak is heavily wounded.
You block the yak's attack.
You closely miss the yak.
The yak is heavily wounded.
You hit the yak but do no damage.
The yak looks as sick as possible!
The yak is heavily wounded.
The yak gores you but does no damage.
You hit the yak but do no damage.
The yak is heavily wounded.
The yak closely misses you.
You barely miss the yak.
Your tail-slap misses the yak.
The yak is severely wounded.
You hit the yak.
The yak looks as sick as possible!
The yak is almost dead.
The yak gores you but does no damage.
You hit the yak but do no damage.
The yak looks as sick as possible!
The yak is almost dead.
You block the yak's attack.
You hit the yak.
You kill the yak!
You pay a tithe of 2 gold.
You now have 483 gold pieces (gained 15).
Found a stone staircase leading down.
A yak comes into view. 3 yaks come into view.
The yak bellows! x4
The yak completely misses you. The yak barely misses you. The yak gores you!
The yak attacks as you move away! The yak gores you.
The yak attacks as you move away! The yak gores you.
You see here a yak corpse.
The yak attacks as you move away! The yak gores you!
You hit the yak. You tail-slap the yak.
The yak is moderately wounded.
You hit the yak but do no damage.
The yak is poisoned.
You tail-slap the yak!
The yak is heavily wounded.
The yak gores you!
You barely miss the yak.
The yak is heavily wounded.
You block the yak's attack.
You whack the yak!
The yak looks as sick as possible!
Your tail-slap misses the yak.
The yak is severely wounded.
You hit the yak.
The yak looks as sick as possible!
The yak is severely wounded.
The yak gores you.
You barely miss the yak.
The yak is almost dead.
The yak gores you.
You hit the yak.
The yak looks as sick as possible!
The yak is almost dead.
You hit the yak.
The yak looks as sick as possible!
You tail-slap the yak.
You kill the yak!
You whack the yak!
The yak is poisoned.
The yak is lightly wounded.
The yak gores you.
You hit the yak.
The yak looks as sick as possible!
The yak is moderately wounded.
The yak completely misses you.
You closely miss the yak.
The yak is moderately wounded.
You hit the yak.
The yak looks as sick as possible!
Your tail-slap misses the yak.
The yak is heavily wounded.
The yak gores you but does no damage.
You closely miss the yak.
Your tail-slap misses the yak.
The yak is severely wounded.
The yak gores you but does no damage.
You barely miss the yak.
The yak is severely wounded.
You hit the yak but do no damage.
The yak is severely wounded.
You block the yak's attack.
You hit the yak.
The yak looks as sick as possible!
Your tail-slap misses the yak.
The yak is almost dead.
You kill the yak!
Your Invocations skill increases to level 7!
You closely miss the yak. You barely miss the yak.
Your tail-slap misses the yak.
You block the yak's attack.
You hit the yak.
The yak is poisoned.
You tail-slap the yak.
The yak is moderately wounded.
The yak gores you.
You whack the yak!
The yak is heavily wounded.
The yak gores you.
You hit the yak but do no damage.
The yak is heavily wounded.
You whack the yak!
The yak looks as sick as possible!
The yak is severely wounded.
The yak gores you!
You hit the yak.
The yak looks as sick as possible!
The yak is severely wounded.
The yak gores you but does no damage.
You hit the yak but do no damage.
The yak looks as sick as possible!
The yak is almost dead.
You hit the yak but do no damage.
The yak looks as sick as possible!
The yak is almost dead.
You block the yak's attack.
You barely miss the yak.
The yak is almost dead.
The yak gores you but does no damage.
You barely miss the yak.
The yak is almost dead.
You barely miss the yak.
The yak is almost dead.
The yak barely misses you.
You hit the yak.
You kill the yak!
You whack the yak!
The yak looks as sick as possible!
The yak is lightly wounded.
The yak gores you!
You hit the yak.
Your tail-slap misses the yak.
The yak is moderately wounded.
You barely miss the yak.
The yak is heavily wounded.
The yak completely misses you.
You closely miss the yak. You tail-slap the yak.
The yak is severely wounded.
You block the yak's attack.
You barely miss the yak. You tail-slap the yak!
You kill the yak!
Your Maces & Flails skill increases to level 10!
You swing at nothing.
You start resting.
HP restored.
There is a stone staircase leading down here.
Found a stone staircase leading up.
Found an ornate altar of the Wu Jian Council.
You open the gate.
There is an open gate here.
There is an open gate here.
There is a stone staircase leading up here.
You see here a +0 short sword.
Found a leather armour.
There is a stone staircase leading up here.
Partly explored, can't reach some places.
Partly explored, can't reach some places.
You feel more attuned to fire.
l - a ring of fire (right hand) Really walk into a travel-excluded area?
Press: ? - help, . - travel You can't see that place. [the floor.] Reduced exclusion size to a single square.
Removed exclusion.
Okay, then.
The fire crab breathes flames at you.
The blast of flame engulfs you but does no damage.
You resist.
Okay, then.
You are engulfed in blazing flames.
You resist.
You are engulfed in blazing flames.
You resist.
You hit the fire crab.
The fire crab is poisoned.
The fire crab is lightly wounded.
You hit the fire crab but do no damage.
The fire crab looks as sick as possible!
You tail-slap the fire crab, but do no damage.
The fire crab is lightly wounded.
The fire crab closely misses you.
The fire crab claws you but does no damage.
You hit the fire crab but do no damage.
The fire crab looks as sick as possible!
You tail-slap the fire crab!
The fire crab is moderately wounded.
The fire crab barely misses you. x2
You closely miss the fire crab.
The fire crab is heavily wounded.
You hit the fire crab but do no damage.
The fire crab looks as sick as possible!
The fire crab is heavily wounded.
The fire crab bites you!
You are engulfed in flames.
You resist. You block the fire crab's attack.
You hit the fire crab.
The fire crab looks as sick as possible!
The fire crab is severely wounded.
The fire crab barely misses you. The fire crab claws you.
You are engulfed in flames!
You resist.
You hit the fire crab but do no damage.
The fire crab looks as sick as possible!
The fire crab is severely wounded.
You hit the fire crab but do no damage.
The fire crab looks as sick as possible!
The fire crab is severely wounded.
The fire crab bites you but does no damage.
You block the fire crab's attack.
You hit the fire crab.
The fire crab looks as sick as possible!
Your tail-slap misses the fire crab.
The fire crab is almost dead.
You kill the fire crab!
You start resting.
HP restored.
You see here a fire crab corpse.
You drop 2 potions of mutation.
You drop a scroll of immolation.
You drop a ring of wizardry.
You drop a scroll of noise.
You drop a +0 cloak.
You drop a +2 vorpal hand axe.
Unknown command.
Done exploring.
You see here a fire crab corpse.
There is a stone staircase leading down here.
You climb downwards.
You hear the roar of battle.
There is an entrance to a bailey on this level.
Hurry and find it before the portal closes forever!
There is a stone staircase leading up here.
Okay, then.
Found 19 gold pieces.
You pay a tithe of 2 gold.
You now have 500 gold pieces (gained 17).
As you slowly read the scroll of magic mapping, it crumbles to dust.
You feel aware of your surroundings.
You sensed 1 shop/portal.
Unknown command.
You hear the faint creaking of a portcullis very nearby.
A yak comes into view.
The yak bellows!
A yak comes into view.
The yak bellows!
A yak comes into view.
The yak bellows!
You hit the yak but do no damage. You tail-slap the yak!
The yak is moderately wounded.
You block the yak's attack.
You hit the yak but do no damage.
The yak is poisoned.
You tail-slap the yak.
The yak is moderately wounded.
You hit the yak.
The yak looks as sick as possible!
You tail-slap the yak.
The yak is moderately wounded.
The yak barely misses you.
You hit the yak.
The yak looks as sick as possible!
You tail-slap the yak!
The yak is heavily wounded.
The yak gores you!
You hit the yak.
The yak looks as sick as possible!
You tail-slap the yak.
The yak is severely wounded.
You closely miss the yak.
Your tail-slap misses the yak.
The yak is severely wounded.
The yak gores you!
You whack the yak!
You tail-slap the yak, but do no damage.
The yak is almost dead.
You block the yak's attack.
You hit the yak.
You kill the yak!
Training target 9.0 for Shields reached!
Your Shields skill increases to level 9!
You barely miss the yak. You completely miss the yak.
The yak barely misses you.
You closely miss the yak. The yak gores you!
You barely miss the yak.
Your tail-slap misses the yak.
You hit the yak but do no damage.
The yak is poisoned.
The yak completely misses you.
You hit the yak but do no damage.
The yak looks as sick as possible!
You tail-slap the yak, but do no damage.
The yak is lightly wounded.
The yak completely misses you.
You hit the yak.
The yak looks as sick as possible!
The yak is lightly wounded.
You hit the yak but do no damage.
The yak looks as sick as possible!
You tail-slap the yak, but do no damage.
The yak is lightly wounded.
The yak gores you!
You hit the yak.
The yak is moderately wounded.
You block the yak's attack.
You hit the yak but do no damage.
The yak looks as sick as possible!
The yak is heavily wounded.
The yak gores you!
You barely miss the yak.
You tail-slap the yak, but do no damage.
The yak is heavily wounded.
You whack the yak!
The yak looks as sick as possible!
The yak is severely wounded.
You block the yak's attack.
You hit the yak.
The yak looks as sick as possible!
The yak is almost dead.
The yak closely misses you.
You hit the yak.
The yak looks as sick as possible!
The yak is almost dead.
You hit the yak but do no damage.
The yak is almost dead.
You kill the yak!
You have reached level 11!
You hit the yak.
The yak is poisoned.
The yak is lightly wounded.
The yak gores you but does no damage.
You whack the yak!
The yak looks as sick as possible!
The yak is moderately wounded.
You hit the yak.
The yak looks as sick as possible!
Your tail-slap misses the yak.
The yak is moderately wounded.
The yak gores you!
You hit the yak but do no damage.
The yak looks as sick as possible!
Your tail-slap misses the yak.
The yak is moderately wounded.
The yak gores you but does no damage.
You hit the yak.
The yak looks as sick as possible!
You tail-slap the yak!
The yak is severely wounded.
The yak closely misses you.
You hit the yak.
The yak looks as sick as possible!
The yak is almost dead.
You barely miss the yak.
You tail-slap the yak, but do no damage.
The yak is almost dead.
The yak gores you but does no damage.
You hit the yak but do no damage.
You tail-slap the yak, but do no damage.
The yak is almost dead.
You kill the yak!
Unknown command.
Setting a skill training target for Maces & Flails at 16.0.
Things that are here:
a yak corpse; a yak corpse
Found a mace.
You open the door.
There is an open door here.
Found a ring mail.
Found a golden potion.
You hear the faint creaking of a portcullis nearby.
A wight comes into view. It is wielding a +4 falchion.
A wight comes into view. It is wielding a +4 short sword.
Your +2 whip of venom stops dripping with poison.
b - a +4 flail (weapon)
You closely miss the wight. The wight hits you with a +4 falchion.
You feel drained.
You hit the wight.
The wight is moderately damaged.
You block the wight's attack.
You closely miss the wight.
The wight is moderately damaged.
You block the wight's attack.
A wight comes into view. It is wielding a +0 great sword.
You hit the wight but do no damage. You tail-slap the wight!
The wight is severely damaged.
The wight closely misses you.
You hit the wight.
You destroy the wight!
Zin accepts your kill.
You hit the wight.
The wight is lightly damaged.
The wight hits you but does no damage.
You closely miss the wight. You tail-slap the wight.
The wight is lightly damaged.
The wight hits you with a +4 short sword.
You bludgeon the wight!!
You destroy the wight!
Zin accepts your kill.
You swing at nothing.
You closely miss the wight. You block the wight's attack.
You closely miss the wight. The wight barely misses you.
You closely miss the wight.
You tail-slap the wight, but do no damage.
The wight hits you with a +0 great sword.
You hit the wight.
The wight is lightly damaged.
The wight hits you but does no damage.
You hit the wight.
The wight is moderately damaged.
You block the wight's attack.
You barely miss the wight.
The wight is moderately damaged.
The wight hits you with a +0 great sword!
You hit the wight but do no damage.
The wight is moderately damaged.
The wight hits you with a +0 great sword!
You barely miss the wight.
The wight is moderately damaged.
The wight hits you with a +0 great sword!
* * * LOW HITPOINT WARNING * * *
You feel drained.
You hit the wight.
Your tail-slap misses the wight.
The wight is heavily damaged.
The wight hits you with a +0 great sword!
* * * LOW HITPOINT WARNING * * *
You slurp down every last drop of the 2 potions of curing!
You feel better. The wight closely misses you.
You sock the wight!
You destroy the wight!
Zin accepts your kill.
f - a scroll of identify
Items here: ))) [[[.
As you slowly read the scroll of identify, it crumbles to dust.
p - a scroll of amnesia
Okay, then.
You hear the faint creaking of a portcullis very nearby. 2 orc wizards and an orc come into view.
Found a spear.
The orc wizard shouts!
You hear a bellow!
The orc wizard points at you and mumbles some strange words.
The magic dart hits you.
Items here: ))) [[[.
You sock the orc!
You kill the orc!
You hit the orc wizard.
Your tail-slap misses the orc wizard.
The orc wizard is heavily wounded.
The orc wizard hits you but does no damage.
You sock the orc wizard!
You kill the orc wizard!
You roll towards the orc wizard!
You barely miss the orc wizard.
The orc wizard gestures at you while chanting.
You easily resist.
You closely miss the orc wizard. You block the orc wizard's attack.
You barely miss the orc wizard. You block the orc wizard's attack.
You hit the orc wizard. You tail-slap the orc wizard!
The orc wizard is almost dead.
The orc wizard gestures wildly while chanting.
The orc wizard flickers and vanishes!
Deactivating autopickup; reactivate with Ctrl-A.
An orc comes into view. It is wielding a +0 club.
You miss something. You block something's attack.
You barely miss something. You block something's attack.
You miss something. Something hits you.
You completely miss something. Something hits you but does no damage.
You closely miss something. Something hits you but does no damage.
The orc hits you but does no damage.
You barely miss something. You bludgeon something!!
Reactivating autopickup.
You feel a bit more experienced. The orc closely misses you.
You hit the orc.
The orc is almost dead.
The orc hits you but does no damage.
You bludgeon the orc!!
You kill the orc!
Things that are here:
a +0 dagger; a +0 robe
Things that are here:
a +0 club; an orc corpse An orc comes into view.
It is wielding a +0 club.
The orc shouts!
Items here: ))) [[[.
You closely miss the orc. You tail-slap the orc!
You kill the orc!
You hear the faint creaking of a portcullis nearby.
Items here: )))) [[[[ †.
A yak comes into view.
The yak bellows!
Items here: )))) [[[[ †.
You barely miss the yak. The yak gores you.
A yak comes into view.
The yak bellows!
You sock the yak!
You tail-slap the yak, but do no damage.
The yak is moderately wounded.
You block the yak's attack.
A yak comes into view.
You barely miss the yak.
The yak is moderately wounded.
The yak bellows!
You block the yak's attack.
You sock the yak! You tail-slap the yak.
The yak is severely wounded.
You block the yak's attack.
You hit the yak.
You tail-slap the yak, but do no damage.
The yak is severely wounded.
The yak gores you.
You thump the yak!
You kill the yak!
Your life force feels restored.
Your +2 whip of venom begins to drip with poison!
a - a +2 whip of venom (weapon)
The yak gores you!
You hit the yak but do no damage.
The yak is poisoned.
You closely miss the yak. You block the yak's attack.
You hit the yak but do no damage.
The yak looks as sick as possible!
The yak is lightly wounded.
The yak gores you.
You hit the yak.
The yak is moderately wounded.
The yak gores you but does no damage.
You hit the yak.
The yak looks as sick as possible!
The yak is moderately wounded.
You hit the yak.
The yak looks as sick as possible!
You tail-slap the yak.
The yak is severely wounded.
The yak barely misses you.
You hit the yak.
The yak looks as sick as possible!
The yak is almost dead.
You block the yak's attack.
You whack the yak!
You kill the yak!
You swing at nothing.
You whack the yak!
The yak is poisoned.
The yak is moderately wounded.
You block the yak's attack.
You hit the yak.
The yak looks as sick as possible!
You tail-slap the yak, but do no damage.
The yak is moderately wounded.
You hit the yak but do no damage.
The yak is moderately wounded.
The yak gores you!
You hit the yak but do no damage.
The yak looks as sick as possible!
The yak is moderately wounded.
The yak barely misses you.
You hit the yak.
The yak looks as sick as possible!
The yak is heavily wounded.
You hit the yak.
The yak looks as sick as possible!
You tail-slap the yak, but do no damage.
The yak is heavily wounded.
The yak gores you!
* * * LOW HITPOINT WARNING * * *
You hit the yak.
The yak looks as sick as possible!
The yak is severely wounded.
You block the yak's attack.
You barely miss the yak. You tail-slap the yak.
The yak is almost dead.
You hit the yak.
You kill the yak!
Your Evocations skill increases to level 1!
Items here: )))) [[[[ †††.
You hear the creaking of a portcullis very nearby.
Found two spears.
Found a flagged portal.
Found a robe.
Found 12 gold pieces.
Things that are here:
a +0 robe; a +0 halberd
There is a flagged portal here.
You start resting.
You hear the creaking of a portcullis.
You start resting.
You hear the steady creaking of a portcullis.
You start resting.
You hear the steady creaking of a portcullis.
The world spins around you as you enter the gateway.
You enter a bailey!
The orc shouts! x3; You hear a shout! x5
Found two gates leading back out of this place.
There is an empty arch of ancient stone here.
An orc comes into view. It is wielding a +0 spear.
An orc comes into view. It is wielding a +0 halberd.
An orc comes into view. It is wielding a +0 halberd.
The orc shouts!
An orc comes into view. It is wielding a +0 spear.
The orc shouts!
You hear a shout!
There is a gate leading back out of this place here.
An orc comes into view. It is wielding a +0 spear.
The orc shouts!
You hear a shout!
An orc comes into view. It is wielding a +0 spear.
Found 41 gold pieces.
Unknown command.
There is a gate leading back out of this place here.
There is an empty arch of ancient stone here.
There is a gate leading back out of this place here.
You slurp down every last drop of the potion of flight!
You feel very buoyant.
You fly up into the air.
A centaur comes into view. It is wielding a +0 halberd.
The centaur shouts!
The orc hits you but does no damage. The orc barely misses you.
An orc comes into view. It is wielding a +0 spear.
An orc comes into view. It is wielding a +0 trident.
The orc hits you but does no damage. x2
You closely miss the orc. The orc hits you with a +0 trident.
You block the orc's attack.
You roll towards the centaur!
The orc attacks as you move away! The orc hits you but does no damage.
An orc comes into view. It is wielding a +0 trident.
The orc shouts!
The centaur closely misses you.
The orc hits you from afar with a +0 spear.
The orc completely misses you.
The centaur throws a javelin.
The javelin pierces through you!
You roll towards the centaur!
You hit the centaur but do no damage.
The centaur is poisoned.
You block the centaur's attack. The centaur barely misses you.
The centaur barely misses you.
The centaur kicks you but does no damage.
You hit the centaur but do no damage.
The centaur looks as sick as possible!
The centaur is lightly wounded.
The centaur hits you with a +0 halberd.
The centaur kicks you but does no damage.
You block the orc's attack. x2
You hit the centaur but do no damage.
You tail-slap the centaur, but do no damage.
The centaur is lightly wounded.
You block the centaur's attack.
The centaur kicks you but does no damage.
The centaur hits you but does no damage.
The centaur kicks you but does no damage.
The orc barely misses you. You block the orc's attack.
You block the centaur's attack.
The centaur kicks you but does no damage.
You hit the centaur.
The centaur looks as sick as possible!
The centaur is heavily wounded.
The orc hits you but does no damage. x2
The orc hits you from afar with a +0 trident.
You block the orc's attack. The centaur hits you with a +0 halberd!
You block the centaur's attack.
You hit the centaur but do no damage.
The centaur looks as sick as possible!
The centaur is severely wounded.
You block the centaur's attack. The centaur barely misses you.
The orc barely misses you. x2; The orc hits you but does no damage.
You block the orc's attack.
You barely miss the centaur.
The centaur is heavily wounded.
You block the centaur's attack. The centaur barely misses you.
You hit the centaur but do no damage.
The centaur looks as sick as possible!
Your tail-slap misses the centaur.
The centaur is severely wounded.
You block the orc's attack. The orc completely misses you.
The orc hits you but does no damage. The orc barely misses you.
The centaur hits you with a +0 halberd!
The centaur kicks you but does no damage.
You hit the centaur but do no damage.
The centaur looks as sick as possible!
The centaur is severely wounded.
The orc closely misses you. You block the orc's attack. x3
The centaur hits you with a +0 halberd.
The centaur kicks you but does no damage.
You hit the centaur.
The centaur is severely wounded.
The centaur hits you with a +0 halberd! You block the centaur's attack.
You hit the centaur.
The centaur looks as sick as possible!
You tail-slap the centaur.
You kill the centaur!
The orc barely misses you. You block the orc's attack.
The orc hits you from afar with a +0 spear.
You block the orc's attack.
As you slowly read the scroll of teleportation, it crumbles to dust.
You feel strangely unstable. You block the orc's attack.
The orc hits you from afar with a +0 spear.
The orc hits you but does no damage. x2
You block the orc's attack. The orc barely misses you. x2
You block the orc's attack.
Items here: ( ) [ †.
You hit the orc but do no damage.
The orc is poisoned.
You tail-slap the orc, but do no damage.
You block the orc's attack. The orc barely misses you.
The orc hits you but does no damage. x2; The orc barely misses you.
You hit the orc.
The orc looks as sick as possible!
The orc is moderately wounded.
The orc hits you but does no damage. The orc barely misses you.
You block the orc's attack.
The orc hits you from afar with a +0 halberd. x2
You hit the orc but do no damage.
The orc looks as sick as possible!
The orc is moderately wounded.
The orc hits you but does no damage. You block the orc's attack. x2
The orc hits you from afar with a +0 trident.
The orc hits you but does no damage.
You closely miss the orc.
The orc is moderately wounded.
Your surroundings suddenly seem different. 3 orc warriors and 3 orcs come into view.
Found a manual of Fighting, 3 scrolls of enchant armour and a manual of Armour.
The orc shouts!
The orc warrior shouts! x3; The orc shouts!
You hear a shout! x5
You see here 3 scrolls of enchant armour.
You see here a manual of Fighting.
You pick up a manual of Fighting and begin studying.
You feel a bit more experienced.
An orc comes into view. It is wielding a +0 spear.
You see here 3 scrolls of enchant armour.
s - 6 scrolls of enchant armour (gained 3)
You see here a manual of Armour.
You pick up a manual of Armour and begin studying.
Unknown command.
You remove your ring of fire.
A centaur comes into view. It is wielding a +0 halberd.
An orc warrior comes into view. It is wielding a +0 halberd.
Aiming: Fastroot
Press: ? - help, Shift-Dir - straight line The roots erupt in riotous growth!
Roots grab the centaur.
The grasping roots constrict the centaur, but do no damage.
You hear a shout! x2
The centaur throws a javelin.
The javelin pierces through you!
* * * LOW HITPOINT WARNING * * *
An orc warrior comes into view. It is wielding a +0 spear.
Throw: 16 darts (poison)
Press: ? - help, Q - select action, (/) - cycle Shift-Dir - straight line, f - centaur
Aim: a centaur, wielding a +0 halberd, wearing a +0 scale mail and quivering javelins (constricted by roots, 93% to hit)
You throw a poisoned dart. The poisoned dart hits the centaur.
The orc warrior shouts!
The grasping roots constrict the centaur!
The centaur throws a javelin.
The javelin pierces through you!
* * * LOW HITPOINT WARNING * * *
A centaur comes into view. It is wielding a +0 spear.
The centaur struggles to escape constriction.
You slurp down every last drop of the potion of invisibility!
You fade into invisibility!
The grasping roots constrict the centaur.
The roots release their grip on the centaur.
A centaur comes into view. It is wielding a +0 trident.
The centaur shouts!
The centaur moves out of view.
The centaur throws a javelin. x2
A centaur comes into view. It is wielding a +0 trident.
The centaur shouts!
The centaur throws a javelin.
The centaur shouts!
The centaur throws a javelin. x2; The javelin pierces through you.
* * * LOW HITPOINT WARNING * * *
The centaur throws a javelin. x2; The javelin closely misses you.
The centaur throws a javelin.
The centaur throws a javelin.
The javelin closely misses the centaur.
A centaur comes into view. It is wielding a +0 spear.
The centaur throws a javelin.
The javelin completely misses you.
The centaur moves out of view.
The centaur shouts!
The centaur throws a javelin.
The javelin pierces through you but does no damage.
The centaur throws a javelin.
The javelin pierces through you!
* * * LOW HITPOINT WARNING * * *
The centaur throws a javelin.
The centaur throws a javelin.
The centaur shouts!
The centaur throws a javelin.
The javelin completely misses you.
The centaur shouts!
The centaur shouts!
You hear a shout!
The centaur throws a javelin. x2
The centaur throws a javelin.
The centaur throws a javelin.
The centaur throws a javelin.
The javelin pierces through you.
* * * LOW HITPOINT WARNING * * *
A centaur comes into view. It is wielding a +0 spear.
The centaur shouts!
The centaur throws a javelin.
The centaur shouts!
The centaur throws a javelin.
Careful!
You are starting to lose your buoyancy.
The centaur throws a javelin.
The centaur throws a javelin.
The javelin closely misses you.
You fall into the water!
You can't survive in this terrain!
You fly above the water, but the process is draining.
You feel drained.
You feel drained.
You feel drained.
The centaur throws a javelin.
You feel drained.
The centaur throws a javelin.
You feel drained.
You float gracefully downwards.
You hit the centaur but do no damage.
The centaur is poisoned.
You tail-slap the centaur, but do no damage.
The centaur hits you but does no damage.
You block the centaur's attack. The centaur barely misses you.
The centaur kicks you but does no damage.
You hit the centaur but do no damage.
The centaur looks as sick as possible!
The centaur barely misses you. x2
You hit the centaur but do no damage.
The centaur looks as sick as possible!
You tail-slap the centaur.
The centaur is lightly wounded.
You block the centaur's attack.
The centaur kicks you but does no damage.
You hit the centaur but do no damage.
The centaur looks as sick as possible!
The centaur is moderately wounded.
You block the centaur's attack.
The centaur kicks you but does no damage.
You hit the centaur but do no damage.
The centaur looks as sick as possible!
The centaur is lightly wounded.
The centaur hits you but does no damage.
The centaur kicks you but does no damage.
You hit the centaur but do no damage.
The centaur looks as sick as possible!
The centaur is lightly wounded.
The orc warrior hits you but does no damage.
The centaur hits you but does no damage.
The centaur kicks you but does no damage.
You hit the centaur but do no damage.
The centaur looks as sick as possible!
Your tail-slap misses the centaur.
The centaur is moderately wounded.
The centaur barely misses you. The centaur kicks you.
* * * LOW HITPOINT WARNING * * *
The orc warrior hits you but does no damage.
You hit the centaur but do no damage.
The centaur is moderately wounded.
You block the centaur's attack. The centaur closely misses you.
Unknown command.
You slurp down every last drop of the potion of curing!
You feel better. You block the orc warrior's attack.
The centaur hits you with a +0 spear.
* * * LOW HITPOINT WARNING * * *
The centaur kicks you but does no damage.
Activating: Recite (0% risk of failure)
Press: ? - help, Dir - look around, f - activate Look: a centaur, wielding a +0 spear, wearing a +0 chain mail and quivering javelins (moderately wounded, unable to see you, extremely poisoned)
Okay, then.
Unknown command.
You strike the helpless centaur from behind!
You hit the centaur but do no damage.
The centaur is moderately wounded.
You block the centaur's attack. x2
The orc warrior hits you from afar with a +0 glaive.
* * * LOW HITPOINT WARNING * * *
You hit the centaur but do no damage.
The centaur looks as sick as possible!
The centaur is heavily wounded.
The centaur closely misses you. You block the centaur's attack.
The orc warrior closely misses you.
You hit the centaur but do no damage.
The centaur looks as sick as possible!
The centaur is heavily wounded.
You block the centaur's attack. x2
Unknown command.
You hit the centaur but do no damage.
The centaur looks as sick as possible!
The centaur is heavily wounded.
The orc warrior hits you from afar with a +0 glaive!
* * * LOW HITPOINT WARNING * * *
The centaur throws a javelin.
The centaur throws a javelin.
The javelin pierces through you!
You die...

Skill      XL: |  1  2  3  4  5  6  7  8  9 10 11 |
---------------+----------------------------------+-----
Maces & Flails | 2 3 4 5 6 7 8 10 | 10.2
Fighting       | 3 4 5 6 7 |  7.6
Shields        | 4 5 6 7 8 9 |  9.0
Invocations    | 2 5 7 |  7.8
Evocations     | 1 |  1.1
Armour         | |  3.6

Action                   |  1- 3 |  4- 6 |  7- 9 | 10-12 || total
-------------------------+-------+-------+-------+-------++-------
Melee: Flail             |   113 |   141 |   339 |   158 ||   751
       Tailslap          |    13 |    17 |    72 |    73 ||   175
       Whip              |       |       |   168 |   180 ||   348
Throw: Dart              |       |     9 |    50 |    13 ||    72
Evoke: Wand              |       |       |     1 |     5 ||     6
  Use: Potion            |     2 |     2 |     4 |     9 ||    17
       Scroll            |       |       |     6 |    10 ||    16
 Stab: Invisible         |       |       |       |     1 ||     1
Armor: Scale mail        |    53 |    41 |       |       ||    94
       Chain mail        |       |    10 |   123 |       ||   133
       Plate armour      |       |       |    42 |   125 ||   167
Dodge: Dodged            |    29 |    51 |   140 |    96 ||   316
Block: Buckler           |    17 |    29 |    86 |       ||   132
       Kite shield       |       |       |    28 |   174 ||   202

Levels and vault maps discovered:
D:1:      dpeg_arrival_water_altar, layout_loops_cross, basic_ecumenical_altar,
          hex_medium
D:2:      layout_loops_ring, uniq_sigmund, uniq_jessica, uniq_robin,
          uniq_crazy_yiuf_cottage
D:3:      layout_basic, gup_sewer_entry_bowl, uniq_grinder, uniq_terence
D:4:      kennysheep_the_goblin_king, layout_loops_corners
D:5:      layout_cave_pods, zin_scriptorium, chequers_decorated_corner
D:6:      layout_cave_pods, nicolae_overflow_hidden_temple, item_on_display_a
D:7:      layout_loops_cross, temple_hall, skrybe_limestone_x,
          kennysheep_another_room, eino_small_chamber_without_monster
D:8:      minmay_distorted_concentric_squares, layout_gridville,
          bh_walls_and_bars
D:9:      layout_small_grid, mainiacjoe_overflow_alcove_4,
          minmay_lair_entry_lava
D:10:     layout_basic, enter_bailey_2
Bailey:   bailey_polearm_flooded_kennysheep, bailey

Notes
Turn   | Place    | Note
-------+----------+-------------------------------------------
     0 | D:1      | scionoferis the Armataur Fighter began the quest for the
                  | Orb.
     0 | D:1      | Reached XP level 1. HP: 19/19 MP: 1/1
   117 | D:1      | Reached skill level 2 in Maces & Flails
   187 | D:1      | Reached XP level 2. HP: 26/26 MP: 2/2
   370 | D:1      | Reached skill level 3 in Fighting
   455 | D:1      | Reached XP level 3. HP: 29/33 MP: 3/3
   609 | D:1      | Found a faded altar of an unknown god.
   829 | D:1      | Found a snail-covered altar of Cheibriados.
   970 | D:2      | Noticed Robin
   972 | D:2      | Noticed Jessica
   981 | D:2      | Killed Robin
   982 | D:2      | Reached skill level 3 in Maces & Flails
   994 | D:1      | Killed Jessica
   995 | D:1      | Reached XP level 4. HP: 22/40 MP: 4/4
  1070 | D:1      | Reached skill level 4 in Shields
  1307 | D:2      | Found a runed translucent door.
  1308 | D:2      | Noticed Crazy Yiuf
  1409 | D:2      | Noticed Sigmund
  1448 | D:2      | Killed Sigmund
  1449 | D:2      | Reached skill level 4 in Maces & Flails
  1449 | D:2      | Reached XP level 5. HP: 49/49 MP: 5/5
  1449 | D:2      | Reached XP level 6. HP: 55/55 MP: 6/6
  1845 | D:2      | Killed Crazy Yiuf
  1967 | D:3      | Noticed Terence
  1973 | D:3      | Killed Terence
  1974 | D:3      | Reached skill level 4 in Fighting
  2084 | D:3      | Found a glowing drain.
  2088 | Sewer    | Entered a sewer
  2252 | Sewer    | Reached skill level 5 in Shields
  2290 | Sewer    | Found a viscous altar of Jiyva.
  2419 | Sewer    | Reached skill level 5 in Maces & Flails
  2423 | Sewer    | Reached XP level 7. HP: 58/63 MP: 7/7
  2684 | D:3      | Noticed Grinder
  2695 | D:3      | Killed Grinder
  3373 | D:4      | Reached skill level 6 in Maces & Flails
  3863 | D:4      | Reached skill level 5 in Fighting
  3863 | D:4      | Reached skill level 6 in Shields
  3863 | D:4      | Reached XP level 8. HP: 45/72 MP: 8/8
  4460 | D:5      | Entered Level 5 of the Dungeon
  4941 | D:5      | Reached skill level 7 in Maces & Flails
  5162 | D:5      | Found a glowing silver altar of Zin.
  5204 | D:5      | Became a worshipper of Zin the Law-Giver
  5204 | D:5      | Reached * piety under Zin
  5578 | D:6      | Reached skill level 1 in Invocations
  5598 | D:6      | Reached skill level 7 in Shields
  5665 | D:6      | Reached skill level 2 in Invocations
  5665 | D:6      | Reached XP level 9. HP: 50/80 MP: 10/10
  5964 | D:6      | Reached skill level 6 in Fighting
  6381 | D:6      | Reached skill level 8 in Maces & Flails
  6381 | D:6      | Reached skill level 3 in Invocations
  6527 | D:6      | Found a hide-covered altar of Uskayaw.
  7248 | D:7      | Reached ** piety under Zin
  7342 | D:7      | Reached skill level 4 in Invocations
  8015 | D:7      | Found a staircase to the Ecumenical Temple.
  8602 | D:8      | Reached skill level 5 in Invocations
  8609 | D:8      | Reached skill level 8 in Shields
  8687 | D:8      | Noticed a gargoyle
  8703 | D:7      | Reached XP level 10. HP: 29/89 MP: 13/13
  8939 | D:8      | Reached skill level 9 in Maces & Flails
  9059 | D:8      | HP: 2/85 [gargoyle/stone arrow (12)]
  9061 | D:8      | Killed a gargoyle
  9203 | D:8      | Reached *** piety under Zin
  9951 | D:9      | Reached skill level 7 in Fighting
 10094 | D:9      | Reached skill level 6 in Invocations
 10175 | D:9      | Reached **** piety under Zin
 10255 | D:9      | Found a staircase to the Lair.
 10255 | D:9      | Noticed a fire crab
 11177 | D:9      | Reached skill level 7 in Invocations
 11195 | D:9      | Reached skill level 10 in Maces & Flails
 11383 | D:9      | Found an ornate altar of the Wu Jian Council.
 11636 | D:9      | Killed a fire crab
 11775 | D:10     | Entered Level 10 of the Dungeon
 11837 | D:10     | Reached skill level 9 in Shields
 11852 | D:10     | Reached XP level 11. HP: 51/98 MP: 16/16
 12031 | D:10     | Reached skill level 1 in Evocations
 12044 | D:10     | Found a flagged portal.
 12198 | Bailey   | Entered a bailey
 12299 | Bailey   | HP: 7/85 [orc warrior/+0 glaive (16)]
 12301 | Bailey   | Hit by a javelin thrown by a centaur

Vanquished Creatures
  A fire crab (D:9)
  A gargoyle (D:8)
  3 trolls (D:8 D:9)
  Grinder (D:3)
  A hornet (D:8)
  Sigmund (D:2)
  A shadow (D:9)
  11 yaks (D:9 D:10)
  A wraith (D:8)
  3 water moccasins (D:5 D:8)
  3 orc warriors (D:7 D:8 D:9)
  2 sky beasts (D:6)
  2 black bears (D:6)
  2 ogres (D:4 D:6)
  3 centaurs (D:6 D:9 Bailey)
  3 kobold brigands (D:6 D:7)
  8 bullfrogs (D:6 D:7 D:8 D:9)
  2 necrophages (D:6)
  A gnoll sergeant (D:8)
  4 scorpions (D:5 D:6)
  12 wights (D:7 D:8 D:9 D:10)
  8 killer bees (D:7 D:9)
  2 howler monkeys (D:8)
  6 jellies (Sewer D:4 D:5)
  6 orc priests (D:3 D:4 D:5 D:8 D:9)
  A hound (D:4)
  Crazy Yiuf (D:2)
  A gnoll bouda (D:6)
  Jessica (D:1)
  2 iguanas (D:3 D:5)
  4 orc wizards (D:5 D:10)
  Terence (D:3)
  Robin (D:2)
  14 gnolls (D:1 D:3 D:5 D:6 D:7)
  11 adders (D:2 Sewer D:3 D:4 D:5)
  2 river rats (Sewer)
  A shadow imp (D:6)
  2 worms (D:3 D:5)
  A dart slug (D:1)
  35 orcs (D:2 D:3 D:4 D:5 D:7)
  14 ball pythons (D:1 D:2 D:3 Sewer D:4)
  16 endoplasms (D:1 D:2 D:3 Sewer D:4)
  8 giant cockroaches (D:1 D:2 Sewer)
  12 goblins (D:2 D:4)
  14 hobgoblins (D:1 D:2 D:3 D:4)
  7 jackals (D:1 D:4)
  19 kobolds (D:2 D:3 D:6 D:7)
  3 quokkas (D:2 D:3)
  4 bats (D:1 D:2 D:3)
  5 frilled lizards (D:2 Sewer D:3)
  7 rats (D:1 D:3 Sewer)
275 creatures vanquished.

Table legend: (Time is in decaauts)
 A = Elapsed time spent in this place.
 B = Non-inter-level travel time spent in this place.
 C = Inter-level travel time spent in this place.
 D = Time resting spent in this place.
 E = Time spent auto-exploring this place.
 F = Levels seen in this place.
 G = Mean time per level.
                   A        B        C        D        E       F      G
               +--------+--------+--------+--------+--------+-----+--------+
         Total |  12327 |  11780 |    547 |   2051 |   6951 |  12 | 1027.2 |
       Dungeon |  11816 |  11269 |    547 |   2012 |   6806 |  10 | 1181.6 |
         Sewer |    416 |    416 |      0 |     39 |    145 |   1 |  416.0 |
        Bailey |     94 |     94 |      0 |      0 |      0 |   1 |   94.0 |
               +--------+--------+--------+--------+--------+-----+--------+

Top non-repeatable levels by time:
     D:9: 1870 daAuts
     D:6: 1536 daAuts
     D:7: 1456 daAuts
     D:8: 1252 daAuts
     D:5: 1158 daAuts
     D:4: 1138 daAuts
     D:3: 1044 daAuts
     D:2: 983 daAuts
     D:1: 967 daAuts
   Sewer: 416 daAuts
    D:10: 407 daAuts
  Bailey: 94 daAuts

Table legend:
 A = Non-vault XP
 B = Vault XP
 C = Vault XP percentage of total XP
 D = Non-vault monster count
 E = Vault monster count
 F = Vault count percentage of total count
                 A         B        C        D         E       F
            +---------+---------+-------+---------+---------+-------
      Total |    9026 |    3191 |  26.1 |     214 |      61 |  22.2
            +---------+---------+-------+---------+---------+-------
        D:1 |      55 |      41 |  42.7 |      22 |       3 |  12.0
        D:2 |      52 |     287 |  84.7 |      16 |       8 |  33.3
        D:3 |     180 |     322 |  64.1 |      22 |       5 |  18.5
        D:4 |     307 |      12 |   3.8 |      23 |       7 |  23.3
        D:5 |     826 |       0 |   0.0 |      22 |       0 |   0.0
        D:6 |    1334 |       0 |   0.0 |      23 |       0 |   0.0
        D:7 |    1074 |       0 |   0.0 |      30 |       0 |   0.0
        D:8 |     728 |    1399 |  65.8 |      17 |       7 |  29.2
        D:9 |    2943 |     755 |  20.4 |      25 |       1 |   3.8
       D:10 |    1527 |       0 |   0.0 |      14 |       0 |   0.0
      Sewer |       0 |     260 | 100.0 |       0 |      28 | 100.0
     Bailey |       0 |     115 | 100.0 |       0 |       2 | 100.0
            +---------+---------+-------+---------+---------+-------
